 Dungeon Crawl Stone Soup version 0.20.1-1-g8b1a95d (webtiles) character file.

444 digijack the Skirmisher (level 6, -1/57 HPs)
             Began as a Minotaur Abyssal Knight on Nov 26, 2017.
             Was a Priest of Lugonu.
             Slain by Blork the orc
             ... wielding a +2 battleaxe of electrocution
              (6 damage)
             ... on level 4 of the Dungeon.
             The game lasted 00:24:27 (3639 turns).

digijack the Skirmisher (Minotaur Abyssal Knight)   Turns: 3639, Time: 00:24:28

Health: -1/57      AC:  3    Str: 14 (17) XL:     6   Next: 72%
Magic:  7/7        EV: 11    Int:  8 (9)  God:    Lugonu [***...]
Gold:   295        SH:  0    Dex:  8 (11) Spells: 5/5 levels left

rFire    + . .     SeeInvis .   a - +3 falchion
rCold    . . .     Gourm    .   (no shield)
rNeg     . . .     Faith    .   g - +0 leather armour {rF+}
rPois    .         Spirit   .   (helmet restricted)
rElec    .         Reflect  .   (no cloak)
rCorr    .         Harm     .   (no gloves)
MR       .....                  (no boots)
Stlth    +.........             (no amulet)
Regen    0.2/turn               (no ring)
MPRegen  0.1/turn               (no ring)

@: no status effects
A: retaliatory headbutt, horns 2
a: Depart the Abyss, Bend Space, Banish, Renounce Religion


You were on level 4 of the Dungeon.
You worshipped Lugonu.
Lugonu was most pleased with you.
You were not hungry.

You visited 1 branch of the dungeon, and saw 4 of its levels.
You visited the Abyss 1 time.

You collected 295 gold pieces.

Inventory:

Hand Weapons
 a - a +3 falchion (weapon)
Armour
 g - a +0 leather armour of fire resistance (worn)
Scrolls
 e - 4 scrolls of identify
Comestibles
 c - a bread ration
 d - 3 royal jellies
 f - 7 fruits
 i - a meat ration


   Skills:
 + Level 6.0 Fighting
 + Level 5.1 Long Blades
 + Level 5.0 Armour
 - Level 1.1 Dodging
 * Level 2.7 Invocations


You had 5 spell levels left.
You didn't know any spells.

Dungeon Overview and Level Annotations

Branches:
Dungeon (4/15)
 Temple: D:4-7

Altars:
Makhleb
Ru
Uskayaw

Annotations:
D:4 Blork the orc; Regeox's ghost, amateur DsCK


Innate Abilities, Weirdness & Mutations

You reflexively headbutt those who attack you in melee.
You have a pair of horns on your head.


Message History

Space bends around you!
You blink.
Blork the orc casts a cantrip, but nothing happens.
Blork the orc mumbles some strange words.
Blork the orc seems to speed up.
Blork the orc mumbles some strange words.
Blork the orc flickers and vanishes!
Deactivating autopickup; reactivate with Ctrl-A.
A puff of flame appears from out of thin air!
The puff of flame hits you! You resist.
* * * LOW HITPOINT WARNING * * *
A puff of flame appears from out of thin air!
The puff of flame hits you! You resist.
* * * LOW HITPOINT WARNING * * *
Level annotation: Blork the orc; Regeox's ghost, amateur DsCK Welcome back, digijack the Minotaur Abyssal Knight.
Lugonu says: Spread carnage and corruption!
Press ? for a list of commands and other information.
Okay, then.
Something hits you.
You die...

### #.# ##.##
######.#
##.#.###......####
##.###.##.###..[..#
#.## ##.#.# ##§##.#
.## ##.## #.##.#
#.## #.## ####.#
##.###.# ###.#
#...#.. #.@.#
...#.# #####
^..#...## ⌠..###.'.
....##.## ........
.....##.# ........#
....###.##


There were no monsters in sight!

Vanquished Creatures
  An ogre (D:4)
  A big kobold (D:3)
  A wight (D:3)
  A hound (D:3)
  An iguana (D:4)
  Terence (D:2)
  3 gnolls (D:3)
  5 adders
  2 oozes
  An adder skeleton (D:4)
  A worm (D:4)
  A leopard gecko (D:3)
  4 orcs (D:4)
  15 bats
  6 giant cockroaches
  10 goblins
  7 hobgoblins
  5 frilled lizards
  6 kobolds
  5 rats
77 creatures vanquished.

Notes
Turn   | Place    | Note
-------+----------+-------------------------------------------
     0 | Abyss:1  | digijack the Minotaur Abyssal Knight began the quest for the Orb.
     0 | Abyss:1  | Reached XP level 1. HP: 19/19 MP: 1/1
    21 | D:1      | Escaped the Abyss
   127 | D:1      | Reached XP level 2. HP: 21/27 MP: 2/2
   128 | D:1      | Reached skill level 4 in Fighting
   522 | D:1      | Reached ** piety under Lugonu
   808 | D:2      | Reached XP level 3. HP: 27/34 MP: 3/3
  1027 | D:2      | Noticed Terence
  1038 | D:2      | Killed Terence
  1038 | D:2      | Reached XP level 4. HP: 22/41 MP: 4/4
  1814 | D:3      | Found a burning altar of Makhleb.
  1994 | D:3      | Found a hide-covered altar of Uskayaw.
  2008 | D:3      | Noticed a big kobold
  2011 | D:3      | Found a transporter.
  2029 | D:3      | Found a transporter.
  2058 | D:3      | Reached skill level 5 in Fighting
  2058 | D:3      | Reached XP level 5. HP: 45/48 MP: 5/5
  2347 | D:3      | Reached XP level 6. HP: 38/56 MP: 6/6
  2522 | D:3      | Found a sacrificial altar of Ru.
  2844 | D:3      | Reached *** piety under Lugonu
  2988 | D:4      | Noticed Blork the orc
  3001 | D:4      | Reached skill level 6 in Fighting
  3001 | D:4      | Reached skill level 5 in Long Blades
  3001 | D:4      | Reached skill level 5 in Armour
  3155 | D:4      | Noticed Regeox's ghost (amateur DsCK)
  3639 | D:4      | Slain by Blork the orc

Skill      XL: |  1  2  3  4  5  6 |
---------------+-------------------+-----
Fighting       | 4 5 6 |  6.0
Long Blades    | 3 4 5 |  5.1
Armour         | 3 4 5 |  5.0
Invocations    | 2 |  2.7
Dodging        | |  1.1

Action                   |  1- 3 |  4- 6 || total
-------------------------+-------+-------++-------
Melee: Falchion          |    51 |   122 ||   173
       Headbutt          |     6 |    18 ||    24
Invok: Bend Space        |       |     1 ||     1
  Use: Scroll            |     4 |     5 ||     9
       Potion            |     3 |     4 ||     7
  Eat: Chunk             |       |     4 ||     4
       Bread ration      |       |     1 ||     1
Armor: Leather armour    |    22 |    23 ||    45
       Ring mail         |     5 |       ||     5
Dodge: Dodged            |    31 |    72 ||   103
       Rpst.: Falchion   |    11 |    13 ||    24
